 Dungeon Crawl Stone Soup version 0.28-a0-697-g47f3eba078 (webtiles) character file.

Game seed: 8642860809706179142

1057 ytrimaz the Chopper (level 8, -1/62 HPs)
             Began as a Formicid Fighter on Oct 23, 2021.
             Was a Follower of Okawaru.
             Slain by a killer bee (6 damage)
             ... on level 6 of the Dungeon.
             The game lasted 00:07:40 (5560 turns).

ytrimaz the Chopper (Formicid Fighter)              Turns: 5560, Time: 00:07:41

Health: -1/62      AC: 10    Str: 24    XL:     8   Next: 51%
Magic:  9/9        EV:  8    Int: 13    God:    Okawaru [*.....]
Gold:   264        SH:  0    Dex: 10    Spells: 7/7 levels left

rFire   . . .      SeeInvis +   a - +0 war axe
rCold   . . .      Faith    .   c - +0 buckler
rNeg    . . .      Spirit   .   p - +0 chain mail
rPois   .          Reflect  .   (helmet unavailable)
rElec   .          Harm     .   (no cloak)
rCorr   .          Rampage  .   (no gloves)
Will    .....                   (no boots)
Stlth   ..........              (no amulet)
HPRegen 0.20/turn               d - +6 ring of intelligence
MPRegen 0.11/turn               (no ring)

@: confused, lethally poisoned (-1 -> -10), ambrosia-drunk, very slightly
contaminated, invisible
A: permanent stasis, dig shafts and tunnels, antennae 3, four strong arms
a: Dig, Shaft Self, Renounce Religion, Heroism


You were on level 6 of the Dungeon.
You worshipped Okawaru.
Okawaru was aware of your devotion.
You visited 2 branches of the dungeon, and saw 7 of its levels.

You collected 264 gold pieces.

Inventory:

Hand Weapons
 a - a +0 war axe (weapon)
Missiles
 v - a throwing net
Armour
 b - a +0 scale mail
 c - a +0 buckler (worn)
 p - a +0 chain mail (worn)
Jewellery
 d - a +6 ring of intelligence (left hand)
Wands
 h - a wand of digging (3)
Scrolls
 g - a scroll of fog
 i - a scroll of magic mapping
 j - 5 scrolls of amnesia
 m - 3 scrolls of immolation {unknown}
 n - 2 scrolls of enchant weapon {unknown}
 q - a scroll of noise {unknown}
 t - a scroll of fear {unknown}
 u - a scroll of acquirement {unknown}
Potions
 f - a potion of heal wounds {unknown}
 k - a potion of flight {unknown}
 l - a potion of curing {unknown}
 o - a potion of magic {unknown}
 s - a potion of mutation {unknown}


   Skills:
 + Level 5.2 Fighting
 + Level 7.4 Axes
 + Level 5.9 Armour
 - Level 3.6 Shields
 * Level 1.8 Invocations


You had 7 spell levels left.
You didn't know any spells.
Your spell library contained the following spells:

 Spells                   Type           Power      Damage    Failure   Level
 Static Discharge         Conj/Air       0%         N/A       96%         2
 Conjure Flame            Conj/Fire      0%         6-21      99%         3
 Dazzling Flash           Conj/Hex       0%         N/A       99%         3
 Ignite Poison            Fire/Tmut/Pois 0%         N/A       99%         3
 Sticky Flame             Conj/Fire      0%         2d3       100%        4
 Agony                    Necr           0%         N/A       100%        5
 Lightning Bolt           Conj/Air       0%         1d11      100%        5
 Silence                  Hex/Air        0%         N/A       100%        5
 Maxwell's Capacitive Co  Air            0%         ∞         100%        8


Dungeon Overview and Level Annotations

Branches:
Dungeon (6/15)             Temple (1/1) D:4

Altars:
Ashenzari
Cheibriados
Dithmenos
Elyvilon
Fedhas
Gozag
Hepliaklqana
Kikubaaqudgha
Makhleb
Nemelex Xobeh
Okawaru
Qazlal
Ru
Sif Muna
Trog
Uskayaw
Vehumet
Xom
Yredelemnul
Zin
The Shining One

Shops:
D:6 *


Innate Abilities, Weirdness & Mutations

You cannot be hasted, slowed, berserked, paralysed or teleported.
You can dig through walls and to a lower floor.
You have a pair of large antennae on your head. (SInv)
Your four strong arms can wield two-handed weapons with a shield.


Message History

The killer bee stings you but does no damage. x2
Unknown command.
You miss the killer bee.
You feel sick. The killer bee closely misses you.
You block the killer bee's attack.
Unknown command.
You miss the killer bee.
You feel sick. The killer bee completely misses you.
Okay, then.
You fade into invisibility!
You feel like a meek peon again.
You feel sick. The killer bee closely misses you. The killer bee stings you!
You are very lightly contaminated with residual magic.
You miss the killer bee.
You feel sick. You block the killer bee's attack.
The killer bee barely misses you.
Unknown command.
You closely miss the killer bee.
You feel sick. The killer bee barely misses you.
You block the killer bee's attack. The killer bee stings you.
You are more poisoned.
The killer bee poisons you!
You hit the killer bee.
The killer bee is moderately wounded.
You feel very sick. The killer bee completely misses you.
The killer bee stings you.
* * * LOW HITPOINT WARNING * * *
Unknown command.
You feel sick.
You feel sick. You block the killer bee's attack.
The killer bee stings you but does no damage.
The killer bee stings you.
* * * LOW HITPOINT WARNING * * *
You are lethally poisoned!
The killer bee poisons you!
* * * LOW HITPOINT WARNING * * *
You feel very sick.
It was a potion of ambrosia.
You are confused.
You feel invigorated.
* * * LOW HITPOINT WARNING * * *
You feel very sick. The killer bee barely misses you.
The killer bee stings you.
You die...

#.......#### #..........# .
###......._..#### ...
##[......._8_..... ....
######..#....#.._......
....###.........###5.........
.............##.l.Yy.........
........[.####yyy##.##.#....$
........#.....@####.# .# ....
....#....##.....###.# .# ...
.. #<##.......<..#.. .# ..
#######..............# .
#.....#..####..###.#.#
#.∩.>.#/.# .....#.#
#.....#.## .....# #######.#
......# ... ........


You could see a sky beast, an iguana, 4 killer bees and an ufetubus.

Vanquished Creatures
  Grinder (D:3)
  Sigmund (D:3)
  An ogre (D:4)
  A scorpion (D:5)
  A howler monkey (D:4)
  3 hounds (D:5)
  An orc priest (D:5)
  4 iguanas
  2 orc wizards
  Natasha (twice) (D:4)
  5 adders
  3 gnolls
  2 adder skeletons (D:4)
  3 dart slugs
  8 orcs
  9 endoplasms
  5 giant cockroaches
  7 goblins
  2 hobgoblins
  3 jackals (D:3)
  7 quokkas
  6 ball pythons
  5 bats
  3 frilled lizards (D:2)
  6 kobolds
  A rat (D:2)
92 creatures vanquished.

Vanquished Creatures (others)
  Natasha (D:4)
  6 fungi (D:3)
  21 plants (D:1)
  3 toadstools (D:3)
31 creatures vanquished.

Grand Total: 123 creatures vanquished

Notes
Turn   | Place    | Note
-------+----------+-------------------------------------------
     0 | D:1      | ytrimaz the Formicid Fighter began the quest for the Orb.
     0 | D:1      | Reached XP level 1. HP: 18/18 MP: 1/1
   448 | D:1      | Found a faded altar of an unknown god.
   576 | D:1      | Reached XP level 2. HP: 21/24 MP: 2/2
  1174 | D:2      | Found a bloodstained altar of Trog.
  1206 | D:2      | Reached XP level 3. HP: 27/30 MP: 3/3
  1690 | D:2      | Reached XP level 4. HP: 37/37 MP: 4/4
  2130 | D:3      | Reached skill level 3 in Axes
  2440 | D:3      | Noticed Grinder
  2450 | D:3      | Reached XP level 5. HP: 42/42 MP: 5/5
  2465 | D:3      | Killed Grinder
  2466 | D:3      | Reached skill level 5 in Axes
  2466 | D:3      | Reached XP level 6. HP: 25/48 MP: 6/6
  2503 | D:3      | Noticed Sigmund
  2515 | D:4      | Noticed Natasha
  2521 | D:4      | Killed Natasha
  2720 | D:3      | Killed Sigmund
  2721 | D:3      | Reached skill level 6 in Axes
  2721 | D:3      | Reached XP level 7. HP: 51/55 MP: 7/7
  2767 | D:3      | You fall into a shaft and drop 2 floors!
  2767 | D:5      | Entered Level 5 of the Dungeon
  2897 | D:4      | Reached skill level 5 in Armour
  3181 | D:3      | Found a hide-covered altar of Uskayaw.
  3227 | D:4      | Found a staircase to the Ecumenical Temple.
  3238 | Temple   | Entered the Ecumenical Temple
  3303 | Temple   | Became a worshipper of the Shining One
  3458 | D:4      | Found an iron altar of Okawaru.
  3458 | D:4      | Found an ancient bone altar of Kikubaaqudgha.
  3471 | D:4      | Fell from the grace of the Shining One
  3471 | D:4      | Became a worshipper of Warmaster Okawaru
  3644 | D:4      | Noticed Natasha
  3655 | D:4      | Killed Natasha
  4030 | D:4      | Found a sparkling altar of Nemelex Xobeh.
  4132 | D:4      | Noticed Natasha
  4144 | D:4      | Killed Natasha
  4145 | D:4      | Reached XP level 8. HP: 52/61 MP: 8/8
  4427 | D:5      | Reached skill level 5 in Fighting
  4428 | D:5      | Reached * piety under Okawaru
  4431 | D:5      | Reached skill level 7 in Axes
  4700 | D:5      | Reached skill level 1 in Invocations
  5514 | D:6      | Found Divvi's General Store.
  5533 | D:6      | Found a stormy altar of Qazlal.
  5534 | D:6      | Found a shimmering altar of Xom.
  5534 | D:6      | Found a snail-covered altar of Cheibriados.
  5534 | D:6      | Found a basalt altar of Yredelemnul.
  5560 | D:6      | Slain by a killer bee

Illustrated notes

Levels and vault maps discovered:
D:1:      roderic_crop_circles_arrival_small, layout_loops_ring,
          shapermc_ecumenical_altar_mp_ritualfount
D:2:      layout_basic, basic_altar, grunt_decor_mini_mirrors,
          roderic_lattice_a, minmay_diced_spiral
D:3:      layout_loops_ring, mainiacjoe_overflow_brackets,
          minmay_gold_behind_fungi, chequers_arboretum, uniq_grinder,
          uniq_sigmund
D:4:      layout_basic, kennysheep_mini, gammafunk_temple_overflow_elements,
          minmay_temple_entry_hall, kennysheep_generic_room_10, uniq_natasha
D:5:      layout_loops_corners, kennysheep_generic_room_12
D:6:      layout_rooms, chequers_temple_overflow_statue_of_worship,
          serial_shops, nicolae_take_the_stairs
Temple:   cyrus_circular_temple

Skill      XL: |  1  2  3  4  5  6  7  8 |
---------------+-------------------------+-----
Armour         | 4 5 |  5.9
Axes           | 3 5 6 7 |  7.4
Fighting       | 4 5 |  5.2
Invocations    | 1 |  1.8
Shields        | |  3.6

Action                   |  1- 3 |  4- 6 |  7- 9 || total
-------------------------+-------+-------+-------++-------
Melee: War axe           |   104 |    62 |   135 ||   301
Invok: Heroism           |       |       |     2 ||     2
 Abil: Dig               |     2 |       |     1 ||     3
  Use: Potion            |       |     4 |     2 ||     6
       Scroll            |       |       |     4 ||     4
Armor: Scale mail        |    54 |    25 |    29 ||   108
       Skin              |       |    14 |       ||    14
       Chain mail        |       |       |    55 ||    55
Dodge: Dodged            |    47 |    31 |    74 ||   152
Block: Buckler           |    22 |    10 |    44 ||    76

Table legend: (Time is in decaauts)
 A = Elapsed time spent in this place.
 B = Non-inter-level travel time spent in this place.
 C = Inter-level travel time spent in this place.
 D = Time resting spent in this place.
 E = Time spent auto-exploring this place.
 F = Levels seen in this place.
 G = Mean time per level.
                   A        B        C        D        E       F      G
               +--------+--------+--------+--------+--------+-----+--------+
         Total |   5642 |   5484 |    158 |    803 |   3596 |   7 |  806.0 |
       Dungeon |   5563 |   5417 |    146 |    803 |   3561 |   6 |  927.2 |
        Temple |     78 |     66 |     12 |      0 |     35 |   1 |   78.0 |
               +--------+--------+--------+--------+--------+-----+--------+

Top non-repeatable levels by time:
     D:4: 1338 daAuts
     D:5: 1235 daAuts
     D:1: 1132 daAuts
     D:2: 1029 daAuts
     D:3: 780 daAuts
  Temple: 78 daAuts
     D:6: 49 daAuts
